Match 44713846
Unlisted

Match 44713846
End
Construct Infanterie Kompanie
Selects Terror Battlegroup
Selects Machine Gun Camouflage
MG 42 Machine Gun Team
Grenadier Squad
Grenadier Squad
Construct Panzergrenadier Kompanie
Panzergrenadier Squad
251 Medium Carrier
Pak 40 Anti-tank Gun Team
Construct Panzer Kompanie
Sturmpanzer IV Brummbär
Stoßtruppen Squad
Pioneer Squad
Panzer IV Medium Tank
Pioneer Squad
Sturmpanzer IV Brummbär
Selects Defend the Fatherland
Selects King Tiger Heavy Tank
King Tiger Heavy Tank
Selects Contempt for the Weak
Selects Propaganda Leaflet Drop
Propaganda Leaflet Drop
Panzer IV Medium Tank
Pioneer Squad
Sturmpanzer IV Brummbär
Pak 40 Anti-tank Gun Team
Selects V1 Rocket Strike
Propaganda Leaflet Drop
Panzer IV Medium Tank
Panzer IV Medium Tank
V1 Rocket Strike
Ferevat
nobodynonono
JungleJim'68
mr.t-87
digitalvadim
pvt.Paula [AUT]
JERRY SMITH
lplp4943718
0
0

Comments sign in to comment!

No comments posted yet!